 Dungeon Crawl Stone Soup version 0.21.1-1-g345015f (webtiles) character file.

32 inc the Vexing (level 3, 15/15 HPs)
             Began as a Felid Enchanter on Mar 2, 2018.
             Quit the game on level 2 of the Dungeon.
             The game lasted 00:03:16 (2080 turns).

inc the Vexing (Felid Enchanter)                    Turns: 2080, Time: 00:03:16

Health: 15/15      AC:  1    Str:  4    XL:     3   Next: 8%
Magic:  7/7        EV: 19    Int: 17    God:
Gold:   67         SH:  0    Dex: 16    Spells: 3/6 levels left
                                        Lives:  0   Deaths: 1

rFire    . . .     SeeInvis +     - Unarmed
rCold    . . .     Gourm    .   (shield unavailable)
rNeg     . . .     Faith    .   (armour unavailable)
rPois    .         Spirit   .   (helmet unavailable)
rElec    .         Reflect  .   (cloak unavailable)
rCorr    .         Harm     .   (gloves unavailable)
MR       .....                  (boots unavailable)
Stlth    +++.......             (no amulet)
HPRegen  0.05/turn              (no ring)
MPRegen  0.10/turn              (no ring)

@: quick
A: very small, no armour, no weapons or thrown items, stealth, claws 1, fangs 3,
see invisible, carnivore, speed 1, shaggy fur 1, slow metabolism 1, sharp paws
a: no special abilities


You were on level 2 of the Dungeon.
You were not hungry.

You visited 1 branch of the dungeon, and saw 2 of its levels.

You collected 67 gold pieces.

Inventory:

Scrolls
 c - 4 scrolls of identify {unknown}
 d - a scroll of enchant weapon {unknown}
 e - 2 scrolls of remove curse {unknown}
 f - a scroll of enchant armour {unknown}
Books
 a - a book of Maledictions

   Spells                             Type                      Level
   a - Corona                         Hexes                        1
   b - Ensorcelled Hibernation        Hexes/Ice                    2
   c - Confuse                        Hexes                        3
   d - Tukima's Dance                 Hexes                        3
   e - Dazzling Spray                 Conjuration/Hexes            3
Comestibles
 b - 3 rations


   Skills:
 + Level 0.5 Fighting
 - Level 3.4 Dodging
 - Level 4.0 Stealth
 - Level 3.5 Unarmed Combat
 - Level 2.0 Spellcasting
 - Level 4.4 Hexes


You had 3 spell levels left.
You knew the following spells:

 Your Spells              Type           Power        Failure   Level  Hunger
a - Corona                Hex            ###....      3%          1    #......
b - Ensorcelled Hibernat  Hex/Ice        #.....       12%         2    ###....


Dungeon Overview and Level Annotations

Branches:
Dungeon (2/15)

Altars:

Annotations:
D:2 Robin, Sigmund


Innate Abilities, Weirdness & Mutations

You cannot wear armour.
You are incapable of wielding weapons or throwing items.
Your paws allow you to move quietly. (Stealth)
You have sharp claws.
You have razor-sharp teeth.
You have supernaturally acute eyesight. (SInv)
You are carnivorous and can eat meat at any time.
You cover ground quickly.
You are covered in fur. (AC +1)
You have a slow metabolism.
Your sharp claws are effective at attacking unaware monsters.


Message History

Things that are here:
a dagger; a club; a goblin corpse Robin throws the goblin at you!
* * * LOW HITPOINT WARNING * * *
The goblin barely misses you.
There is a stone staircase leading down here.
You scratch the goblin.
You kill the goblin!
Robin roars a battlecry!
The goblin goes into a battle-frenzy!
Robin throws the goblin at you!
* * * LOW HITPOINT WARNING * * *
The goblin misses you. The goblin hits you with a dagger.
* * * LOW HITPOINT WARNING * * *
Robin throws the goblin at you!
You die...
You are now level 3!
You rejoin the land of the living...
Are you sure you want to abandon this character and quit the game? (Confirm with "yes".)

. . .# # .. #.# #.####.#
### #......# ##+#.#
#.....# #....#
#†....######...@+
###.##..............#
................###.....
#....g<#######.# #.##
#.....†......#. #
#.....g#####.#. #.....)#
.# #.....># .# #..).#.#
.#


There were no monsters in sight!

Vanquished Creatures
  2 gnolls (D:2)
  An adder (D:1)
  An ooze (D:1)
  A worm (D:1)
  A dart slug (D:1)
  A leopard gecko (D:1)
  13 goblins
  A hobgoblin (D:1)
  3 jackals
  4 bats
  2 frilled lizards (D:1)
  2 kobolds (D:1)
  2 rats (D:1)
34 creatures vanquished.

Notes
Turn   | Place    | Note
-------+----------+-------------------------------------------
     0 | D:1      | inc the Felid Enchanter began the quest for the Orb.
     0 | D:1      | Reached XP level 1. HP: 7/7 MP: 4/4
   312 | D:1      | Reached XP level 2. HP: 11/11 MP: 6/6
   789 | D:2      | Noticed Sigmund
   829 | D:2      | Reached XP level 3. HP: 11/14 MP: 5/7
   844 | D:2      | Learned a level 2 spell: Ensorcelled Hibernation
  1812 | D:1      | Reached XP level 4. HP: 7/18 MP: 3/8
  2052 | D:2      | Noticed Robin
  2079 | D:2      | Hit by a goblin thrown by Robin
  2080 | D:2      | Reached XP level 3. HP: 0/15 MP: 1/7
  2080 | D:2      | Quit the game

Skill      XL: |  1  2  3 |
---------------+----------+-----
Unarmed Combat | 2 3 |  3.5
Dodging        | 3 |  3.4
Fighting       | |  0.5
Stealth        | |  4.0
Spellcasting   | |  2.0
Hexes          | |  4.4

Action                   |  1- 3 |  4- 6 || total
-------------------------+-------+-------++-------
Melee: Unarmed           |    57 |    15 ||    72
       Bite              |     5 |       ||     5
 Cast: Corona            |     9 |     2 ||    11
       Ensorcelled Hiber |    10 |     6 ||    16
 Stab: Sleeping          |    15 |     3 ||    18
  Eat: Chunk             |     4 |     1 ||     5
Armor: Skin              |     5 |       ||     5
Dodge: Dodged            |    66 |    19 ||    85
